 Dungeon Crawl Stone Soup version 0.18-a0-1721-gc4d1f22 (webtiles) character file.

42 Chiseanne the Gusty (level 3, 0/28 HPs)
             Began as a Centaur Air Elementalist on Apr 9, 2016.
             Slain by an adder (4 damage)
             ... on level 2 of the Dungeon.
             The game lasted 00:06:20 (1615 turns).

Chiseanne the Gusty (Centaur Air Elementalist)      Turns: 1615, Time: 00:06:21

Health: 0/28       AC:  4    Str: 10    XL:     3   Next: 35%
Magic:  0/6        EV: 10    Int: 15    God:
Gold:   29         SH:  0    Dex:  9    Spells: 2 memorised, 3 levels left

rFire  . . .     SeeInvis .     j - +0 spear
rCold  . . .     Gourm    .     a - +0 robe
rNeg   . . .     Faith    .     (no shield)
rPois  .         Spirit   .     (no helmet)
rElec  .         Dismiss  .     (no cloak)
rCorr  .         Reflect  .     (no gloves)
SustAt .         Harm     .     (no barding)
MR     .....                    (no amulet)
Stlth  +.........               (no ring)
                                (no ring)

@: lethally poisoned (0 -> -9), hasted, repel missiles, very quick, not
resistant to hostile enchantments, very unstealthy
A: hooves 3, deformed body, speed 2, tough skin 3
a: no special abilities


You were on level 2 of the Dungeon.
You were very hungry.

You visited 1 branch of the dungeon, and saw 2 of its levels.

You collected 29 gold pieces.

Inventory:

Hand Weapons
 j - a +0 spear (weapon)
Missiles
 h - 26 bolts
 i - 44 arrows
Armour
 a - a +0 robe (worn)
Potions
 d - a potion of brilliance
 f - a potion of agility {unknown}
 g - a potion of flight {unknown}
Books
 b - a book of Air

   Spells                             Type                      Level
   a - Shock                          Conjuration/Air              1
   b - Swiftness                      Charms/Air                   2
   c - Repel Missiles                 Charms/Air                   2
   d - Static Discharge               Conjuration/Air              3
   e - Lightning Bolt                 Conjuration/Air              5
Comestibles
 c - 2 bread rations


   Skills:
 * Level 1.2 Fighting
 * Level 1.8 Dodging
 - Level 1.2 Stealth
 * Level 2.0 Spellcasting
 - Level 1.1 Conjurations
 * Level 2.9 Air Magic


You had 3 spell levels left.
You knew the following spells:

 Your Spells              Type           Power        Failure   Level  Hunger
a - Shock                 Conj/Air       #...         12%         1    #......
b - Repel Missiles        Chrm/Air       #.....       17%         2    ###....


Dungeon Overview and Level Annotations

Branches:
Dungeon (2/15)

Altars:


Innate Abilities, Weirdness & Mutations

You have hooves in place of feet.
Armour fits poorly on your strangely shaped body.
You cover ground very quickly.
You have extremely tough skin (AC +3).


Message History

Aiming: Shock
Press: ? - help, Shift-Dir - straight line, f - adder
Aim: an adder (moderately wounded)
The zap hits the adder.
The adder is heavily wounded.
You feel sick. The adder bites you.
* * * LOW HITPOINT WARNING * * *
You hit the adder but do no damage.
The adder is heavily wounded.
* * * LOW HITPOINT WARNING * * *
You feel sick. The adder barely misses you.
You closely miss the adder.
The adder is heavily wounded.
* * * LOW HITPOINT WARNING * * *
You feel sick. The adder closely misses you. The adder barely misses you.
Drink which item? (? for menu, Esc to quit)
It was a potion of haste.
You feel yourself speed up.
* * * LOW HITPOINT WARNING * * *
You feel sick. The adder bites you.
You die...

#......... #....S...#
#....S...# #........#
##'####### #S# #.#
#.###################
#......S@...........#
##########################.#
#.................# #.#
#.###############.## #.#
#.##....<.......#..#######.#
#.##.####.#####.#.......##.#
#.##.#..........#.......##.#
#.##.#.###.#######.#######.#
#.##.#.#...................#


You could see an adder.

Vanquished Creatures
  2 adders (D:2)
  A dart slug (D:1)
  A giant gecko (D:1)
  4 giant cockroaches (D:1)
  3 hobgoblins (D:1)
  3 bats (D:1)
  A giant newt (D:1)
  3 goblins (D:1)
  A kobold (D:1)
  4 rats (D:1)
23 creatures vanquished.

Notes
Turn   | Place    | Note
--------------------------------------------------------------
     0 | D:1      | Chiseanne the Centaur Air Elementalist began the quest for the Orb.
     0 | D:1      | Reached XP level 1. HP: 14/14 MP: 3/3
    50 | D:1      | Reached skill level 1 in Conjurations
   326 | D:1      | Reached XP level 2. HP: 22/22 MP: 0/4
   473 | D:1      | Learned a level 2 spell: Repel Missiles
  1491 | D:2      | Reached skill level 1 in Fighting
  1491 | D:2      | Reached XP level 3. HP: 28/28 MP: 0/6
  1615 | D:2      | Slain by an adder

Vault maps used:
D:1:      evilmike_arrival_home_sweet_home
D:2:      hangedman_decor_clover_reticule, grunt_gozag_breadcrumbs

Skill      XL: |  1  2 |
---------------+-------+-----
Conjurations   | 1 |  1.1
Fighting       | 1 |  1.2
Spellcasting   | 2 |  2.0
Dodging        | |  1.8
Stealth        | |  1.2
Air Magic      | |  2.9

Action                   || total
-------------------------++-------
Melee: Whip              ||    22
       Spear             ||    30
 Cast: Shock             ||    29
       Repel Missiles    ||     1
  Use: Scroll            ||     5
       Potion            ||     1
  Eat: Chunk             ||     1
